AoeStats
← Kelly271888

Arabia

510770853Analyzed
1v1 RM · 15h ago on Oct 2, 2026· 40m 10s· 2 players
Game mode
Random Map
Map size
Tiny (2 player)
Population
200
Speed
Normal
Resources
Standard
Victory
Conquest
Starting age
Dark Age
Ending age
Imperial Age
RankedLock teamsTeams togetherTeam positionsShared explorationLock speedFull tech treeHidden civsTurbo modeCheats
Victory
Defeat
🇭🇰 Turks · Hong Kong SAR China
1532
+14
🇩🇪 Franks · Germany
1493
-14
Frankenbeutel
6:44 Loom
9:18 Feudal Age
21:27 Castle Age
20:00 Double-Bit Axe
21:07 Forging
23:32 Bow Saw
23:54 Squires
23:16 Pikeman
25:24 Scale Mail Armor
30:29 Wheelbarrow
32:02 Chain Mail Armor
37:06 Imperial Age
35:16 Iron Casting
34:34 Fletching
34:44 Padded Archer Armor
36:27 Hand Cart
38:41 Scale Barding Armor
39:36 Blast Furnace
39:37 Husbandry
39:29 Cavalier
Kelly271888
6:11 Loom
8:54 Feudal Age
11:49 Horse Collar
14:57 Double-Bit Axe
21:20 Castle Age
20:49 Fletching
21:22 Gold Mining
22:03 Husbandry
22:28 Bow Saw
24:23 Wheelbarrow
24:54 Padded Archer Armor
26:21 Ballistics
28:07 Bodkin Arrow
34:09 Imperial Age
32:12 Town Watch
32:43 Leather Archer Armor
32:42 Treadmill Crane
34:21 Heavy Cavalry Archer
35:27 Parthian Tactics
37:43 Bracer
38:37 Masonry
39:03 Thumb Ring
40:52 Ring Archer Armor
Connection lost

Rejoining the realm…

Still unreachable

The connection could not be restored.

Session expired

The server has moved on; the page needs a fresh start.